 Dungeon Crawl Stone Soup version 0.31-a0-208-gdb31a4691d (webtiles) character file.

Game seed: 17993170114793198765

114 Anon1729 the Trooper (level 4, -6/41 HPs)
             Began as a Minotaur Monk on June 28, 2023.
             Mangled by an ogre
             ... wielding a +0 giant club
              (29 damage)
             ... on level 4 of the Dungeon.
             The game lasted 00:00:39 (2387 turns).

Anon1729 the Trooper (Minotaur Monk)                Turns: 2387, Time: 00:00:40

Health: -6/41      AC:  2    Str: 15    XL:     4   Next: 66%
Magic:  4/4        EV: 13    Int:  7    God:
Gold:   111        SH:  0    Dex: 15    Spells: 3/3 levels left

rFire   . . .        a - +0 short sword
rCold   . . .        d - orb {light}
rNeg    . . .        b - +0 robe
rPois   .            (helmet restricted)
rElec   .            (no cloak)
rCorr   .            (no gloves)
SInv    .            (no boots)
Will    .....        (no amulet)
Stlth   +            (no ring)
HPRegen 0.26/turn    (no ring)
MPRegen 0.09/turn

%: no passive effects
@: glowing
A: horns 2, retaliatory headbutt
a: no special abilities


You were on level 4 of the Dungeon.
You visited 1 branch of the dungeon, and saw 4 of its levels.

You collected 111 gold pieces.

Inventory:

Hand Weapons
 a - a +0 short sword (weapon)
Armour
 b - a +0 robe (worn)
 d - an orb of light (worn)
Jewellery
 f - an amulet of regeneration
Scrolls
 g - a scroll of silence {unknown}
 i - 5 scrolls of identify {unknown}
 j - a scroll of noise {unknown}
 k - a scroll of revelation {unknown}
 n - 2 scrolls of brand weapon {unknown}
 p - a scroll of poison {unknown}
 q - a scroll of enchant armour {unknown}
 s - a scroll of teleportation {unknown}
 t - a scroll of fog {unknown}
Potions
 c - a potion of ambrosia
 e - a potion of heal wounds {unknown}
 h - 2 potions of curing
 l - a potion of lignification {unknown}
 m - a potion of magic {unknown}
 o - a potion of might {unknown}
 r - 2 potions of attraction {unknown}


   Skills:
 + Level 4.3 Fighting
 + Level 4.0 Short Blades
 + Level 2.1 Armour
 + Level 4.0 Dodging
 + Level 1.7 Invocations


You had 3 spell levels left.
You didn't know any spells.
Your spell library contained the following spells:

 Spells                   Type           Power      Damage    Failure   Level
 Freeze                   Ice            0%         1d3       43%         1
 Frozen Ramparts          Ice            0%         1d1       80%         3
 Hailstorm                Conj/Ice       0%         3d3       80%         3


Dungeon Overview and Level Annotations

Branches:
Dungeon (4/15)
 Temple: D:4-7

Altars:
Xom
Zin


Innate Abilities, Weirdness & Mutations

You have a pair of horns on your head.
You reflexively headbutt those who attack you in melee.


Message History

Key pressed, stopping explore.
You see here an iguana corpse.
Key pressed, stopping explore.
n - 2 scrolls labelled HEULAE FU YLAU (gained 1) Key pressed, stopping explore.
Found 2 stones.
Key pressed, stopping explore.
Found a stone staircase leading down.
Found 3 stones.
An ogre comes into view. It is wielding a +0 giant club.
The ogre shouts!
You completely miss the ogre.
The ogre hits you with a +0 giant club!!
Ouch! That really hurt!
* * * LOW HITPOINT WARNING * * *
You are too injured to fight recklessly!
You are too injured to fight recklessly!
You are too injured to fight recklessly!
You are too injured to fight recklessly!
You are too injured to fight recklessly!
You are too injured to fight recklessly!
You are too injured to fight recklessly!
You are too injured to fight recklessly!
You are too injured to fight recklessly!
You are too injured to fight recklessly!
You are too injured to fight recklessly!
You are too injured to fight recklessly!
You are too injured to fight recklessly!
You are too injured to fight recklessly!
You are too injured to fight recklessly!
You are too injured to fight recklessly!
You are too injured to fight recklessly!
You are too injured to fight recklessly!
You are too injured to fight recklessly!
You are too injured to fight recklessly!
It was a potion of curing.
You feel better.
You hit the ogre but do no damage.
The ogre hits you with a +0 giant club!!
Ouch! That really hurt!
You die...

# #. (## #.#
....##
#.######## .
....###O.......
#..#@####.>##
#.## #(.#
#.#####..###.#
#............#
#..####..#####
#....##..#
##.#.##..######
#.#.##........
#.#.##.#######


You could see an ogre.

Vanquished Creatures
  An iguana (D:4)
  3 adders
  A worm (D:2)
  A dart slug (D:1)
  An orc (D:4)
  3 ball pythons (D:1)
  7 endoplasms
  2 giant cockroaches
  4 goblins
  6 hobgoblins
  3 jackals (D:1)
  2 quokkas
  3 bats
  2 frilled lizards (D:3)
  8 kobolds
  6 rats
53 creatures vanquished.

Notes
Turn   | Place    | Note
-------+----------+-------------------------------------------
     0 | D:1      | Anon1729 the Minotaur Monk began the quest for the Orb.
     0 | D:1      | Reached XP level 1. HP: 19/19 MP: 0/0
   149 | D:1      | Reached XP level 2. HP: 25/27 MP: 1/1
   284 | D:1      | Reached skill level 1 in Armour
   595 | D:1      | Reached skill level 1 in Invocations
   595 | D:1      | Reached XP level 3. HP: 33/33 MP: 2/2
  1588 | D:3      | Identified the +1 robe of the Mind {rF+}
  1694 | D:3      | Found a shimmering altar of Xom.
  1694 | D:3      | Found a glowing silver altar of Zin.
  1694 | D:3      | Noticed an angel
  2086 | D:4      | Reached XP level 4. HP: 32/40 MP: 4/4
  2383 | D:4      | Noticed an ogre
  2387 | D:4      | Mangled by an ogre

Illustrated notes

Levels and vault maps discovered:
D:1:      evilmike_arrival_rings, layout_loops_ring, minmay_tromino_v4_a
D:2:      layout_basic
D:3:      layout_rooms, grunt_temple_overflow_order_and_chaos_1
D:4:      layout_loops_ring, mainiacjoe_overflow_surrounded_room,
          chequers_temple_overflow_statue_of_worship, minmay_quadrilaterals

Skill      XL: |  1  2  3  4 |
---------------+-------------+-----
Armour         | 1 2 |  2.1
Invocations    | 1 |  1.7
Fighting       | 4 |  4.3
Short Blades   | 4 |  4.0
Dodging        | 4 |  4.0

Action                     |  1- 3 |  4- 6 || total
---------------------------+-------+-------++-------
  Melee: Short sword       |   109 |    29 ||   138
         Headbutt          |    18 |     5 ||    23
    Use: Potion            |       |     1 ||     1
 Armour: Robe              |    24 |     4 ||    28
  Dodge: Dodged            |    62 |    11 ||    73

Table legend: (Time is in decaauts)
 A = Elapsed time spent in this place.
 B = Non-inter-level travel time spent in this place.
 C = Inter-level travel time spent in this place.
 D = Time resting spent in this place.
 E = Time spent auto-exploring this place.
 F = Levels seen in this place.
 G = Mean time per level.
                   A        B        C        D        E       F      G
               +--------+--------+--------+--------+--------+-----+--------+
         Total |   2361 |   2282 |     79 |     45 |   1923 |   4 |  590.2 |
       Dungeon |   2361 |   2282 |     79 |     45 |   1923 |   4 |  590.2 |
               +--------+--------+--------+--------+--------+-----+--------+

Top non-repeatable levels by time:
     D:1: 866 daAuts
     D:2: 699 daAuts
     D:4: 410 daAuts
     D:3: 385 daAuts
